 Dungeon Crawl Stone Soup version 0.23.2-40-g277498a001 (webtiles) character file.

Game seed: 12819185935989386267

7180 Emblim88 the Fighter (level 10, -2/91 HPs)
             Began as a Minotaur Monk on Oct 19, 2019.
             Was an Elder of Qazlal.
             Slain by a chaos spawn (7 damage)
             ... on level 10 of the Dungeon on Oct 20, 2019.
             The game lasted 00:20:35 (8741 turns).

Emblim88 the Fighter (Minotaur Monk)                Turns: 8741, Time: 00:20:37

Health: -2/91      AC: 17    Str: 28    XL:     10   Next: 86%
Magic:  15/15      EV: 12    Int: 11    God:    Qazlal [****..]
Gold:   495        SH:  5    Dex: 16    Spells: 9/9 levels left

rFire    . . .     SeeInvis .   z - +3 great sword
rCold    . . .     Gourm    .   (shield currently unavailable)
rNeg     . . .     Faith    .   y - +0 plate armour
rPois    .         Spirit   .   (helmet restricted)
rElec    .         Reflect  .   r - +0 cloak
rCorr    .         Harm     +   t - +2 pair of gloves "Wutwoaj" {Dex+3}
MR       +....                  (no boots)
Stlth    ..........             o - amulet "Oghetos" {Harm *Drain Str+4 Int+3 Slay+2}
HPRegen  0.25/turn              k - ring of protection from magic
MPRegen  0.14/turn              j - +6 ring of strength

@: repel missiles
A: retaliatory headbutt, horns 2
a: Upheaval, Elemental Force, Renounce Religion


You were on level 10 of the Dungeon.
You worshipped Qazlal.
Qazlal was greatly pleased with you.
You were not hungry.

You visited 2 branches of the dungeon, and saw 11 of its levels.
You visited the Abyss 1 time.

You collected 534 gold pieces.
You spent 39 gold pieces at shops.

Inventory:

Hand Weapons
 v - a +0 scimitar of protection
 z - a +3 great sword (weapon)
Missiles
 m - a javelin (quivered)
 C - 14 poisoned needles
Armour
 g - a +0 leather armour of fire resistance
 r - a +0 cloak (worn)
 t - the +2 pair of gloves "Wutwoaj" (worn) {Dex+3}
   (You found it on level 4 of the Dungeon)

   It affects your dexterity (+3).
 y - a +0 plate armour (worn)
Jewellery
 e - an uncursed ring of flight {unknown}
 j - a +6 ring of strength (right hand)
 k - a ring of protection from magic (left hand)
 l - an uncursed ring of stealth
 o - the amulet "Oghetos" (around neck) {Harm *Drain Str+4 Int+3 Slay+2}
   (You found it on level 5 of the Dungeon)

   [amulet of harm]

   It increases damage dealt and taken.
   It affects your strength (+4).
   It affects your intelligence (+3).
   It affects your accuracy and damage with ranged weapons and melee attacks
   (+2).
   It causes draining when unequipped.
Wands
 a - a wand of random effects (12)
 i - a wand of polymorph (9)
 w - a wand of iceblast (2)
 B - a wand of acid (8)
 G - a wand of flame (29)
Scrolls
 b - 2 scrolls of amnesia
 d - 9 scrolls of teleportation
 f - 3 scrolls of noise
 h - 3 scrolls of enchant weapon
 n - 2 scrolls of identify
 q - 5 scrolls of blinking
 s - a scroll of magic mapping
 u - 2 scrolls of fog
Potions
 x - a potion of heal wounds
 A - 2 potions of cancellation
 D - a potion of ambrosia
 E - 2 potions of resistance
 F - a potion of brilliance
Comestibles
 c - 26 rations


   Skills:
 + Level 9.4 Fighting
 + Level 9.4 Long Blades
 + Level 6.3 Armour
 + Level 8.1 Dodging
 - Level 1.5 Stealth
 * Level 8.6 Invocations
 * Level 4.6 Evocations


You had 9 spell levels left.
You didn't know any spells.
Your spell library contained the following spells:

 Spells                   Type           Power        Failure   Level  Hunger
 Beastly Appendage        Tmut           #.....       98%         1    ##.....
 Corona                   Hex            #......      98%         1    ##.....
 Magic Dart               Conj           #...         98%         1    ##.....
 Ensorcelled Hibernation  Hex/Ice        #.....       99%         2    ###....
 Searing Ray              Conj           #.....       99%         2    ###....
 Sticks to Snakes         Tmut           #.......     99%         2    ###....
 Confuse                  Hex            #.......     100%        3    ####...
 Dazzling Spray           Conj/Hex       #.....       100%        3    ####...
 Spider Form              Tmut/Pois      #.........   100%        3    ####...
 Tukima's Dance           Hex            #.......     100%        3    ####...
 Force Lance              Conj/Tloc      #.......     100%        4    #####..
 Fulminant Prism          Conj/Hex       #.........   100%        4    #####..
 Ice Form                 Ice/Tmut       #.......     100%        4    #####..
 Iskenderun's Mystic Bla  Conj           #.......     100%        4    #####..
 Blade Hands              Tmut           #.........   100%        5    ######.


Dungeon Overview and Level Annotations

Branches:
Dungeon (10/15)            Temple (1/1) D:4            Lair (0/6) D:9
    Orc: D:9-12

Altars:
Ashenzari
Cheibriados
Dithmenos
Elyvilon
Fedhas
Gozag
Hepliaklqana
Kikubaaqudgha
Makhleb
Nemelex Xobeh
Okawaru
Qazlal
Ru
Sif Muna
Trog
Uskayaw
Vehumet
Wu Jian
Xom
Yredelemnul
Zin
The Shining One

Shops:
D:6 *   D:7 ?

Annotations:
D:8 1 runed translucent door
D:10 Sonja


Innate Abilities, Weirdness & Mutations

You reflexively headbutt those who attack you in melee.
You have a pair of horns on your head.


Message History

Sonja closely misses you. You block the chaos spawn's attack.
You miss Sonja.
Sonja is severely wounded.
Sonja disappears!
The chaos spawn closely misses you.
Unknown command.
You slice the chaos spawn!!
The chaos spawn is severely wounded.
The chaos spawn closely misses you. You furiously retaliate!
You headbutt the chaos spawn, but do no damage.
The chaos spawn barely misses you. You furiously retaliate!
You headbutt the chaos spawn.
You riposte.
You barely miss the chaos spawn.
The chaos spawn is almost dead.
You miss the chaos spawn.
You headbutt the chaos spawn, but do no damage.
The chaos spawn is almost dead.
You feel yourself speed up. The chaos spawn hits you!
* * * LOW HITPOINT WARNING * * *
The chaos spawn shocks you.
You die...

##########
#..(...4(#
#.######@#
#.#.. .#.#
#.#.##.#.#
#.#......#
#.#....####
#..<.......
#........##
#......#.#
#..###.#


You could see a chaos spawn.

Vanquished Creatures
  Erolcha (D:9)
  A two-headed ogre (D:9)
  A worldbinder (Abyss:1)
  A troll (D:9)
  Prince Ribbit (D:6)
  3 hippogriffs
  2 basilisks (D:9)
  A wyvern (D:9)
  4 yaks (D:9)
  A black mamba skeleton (Abyss:1)
  A steam dragon (D:9)
  Menkaure (D:5)
  Edmund (D:5)
  An ice beast (D:8)
  A black bear (D:6)
  2 orc warriors
  A sky beast (D:6)
  A phantom (D:5)
  2 ogres
  2 necrophages (D:8)
  2 centaurs (D:6)
  2 crocodiles (D:9)
  3 big kobolds
  3 bullfrogs
  2 jellies
  3 killer bees (D:9)
  5 wights (D:6)
  A howler monkey (D:4)
  A bullfrog zombie (D:6)
  4 crimson imps
  An orc priest (D:8)
  3 bullfrog skeletons
  A hound (D:5)
  5 orc wizards
  Ijyb (D:4)
  A human skeleton (D:8)
  4 iguanas
  6 worker ants
  A hound zombie (D:7)
  A hound skeleton (D:8)
  A worker ant zombie (D:7)
  9 adders
  A shadow imp (D:7)
  An ufetubus (Abyss:1)
  An adder skeleton (D:5)
  An adder zombie (D:7)
  3 dart slugs
  4 leopard geckos
  35 orcs
  5 bats
  11 giant cockroaches
  9 goblins
  7 hobgoblins
  3 jackals (D:1)
  14 kobolds
  5 quokkas
  2 ball pythons
  6 frilled lizards
  2 quokka skeletons
  6 rats
205 creatures vanquished.

Notes
Turn   | Place    | Note
-------+----------+-------------------------------------------
     0 | D:1      | Emblim88 the Minotaur Monk began the quest for the Orb.
     0 | D:1      | Reached XP level 1. HP: 19/19 MP: 0/0
   300 | D:1      | Reached XP level 2. HP: 27/27 MP: 1/1
  1014 | D:2      | Found a blossoming altar of Fedhas.
  1059 | D:2      | Reached XP level 3. HP: 33/33 MP: 2/2
  1524 | D:2      | Found a faded altar of an unknown god.
  2144 | D:3      | Reached XP level 4. HP: 31/41 MP: 3/3
  2861 | D:4      | Found an ancient bone altar of Kikubaaqudgha.
  2914 | D:4      | Reached skill level 5 in Fighting
  2914 | D:4      | Reached skill level 5 in Long Blades
  2914 | D:4      | Reached XP level 5. HP: 41/48 MP: 4/4
  2934 | D:4      | Reached skill level 5 in Dodging
  3125 | D:4      | Noticed an ogre
  3131 | D:4      | Killed an ogre
  3131 | D:4      | Reached XP level 6. HP: 31/57 MP: 5/5
  3297 | D:4      | Noticed Ijyb
  3313 | D:4      | Killed Ijyb
  3383 | D:4      | Found a staircase to the Ecumenical Temple.
  3394 | Temple   | Entered the Ecumenical Temple
  3599 | Temple   | Became a worshipper of Qazlal Stormbringer
  3599 | Temple   | Reached * piety under Qazlal
  3599 | Temple   | Reached ** piety under Qazlal
  3699 | D:4      | Got a pair of scorched gloves
  3710 | D:4      | Identified the +2 pair of gloves "Wutwoaj" {Dex+3} (You
                  | found it on level 4 of the Dungeon)
  3984 | D:5      | Entered Level 5 of the Dungeon
  4018 | D:5      | Reached skill level 1 in Invocations
  4193 | D:5      | Reached XP level 7. HP: 63/63 MP: 7/7
  4417 | D:5      | Found a sacrificial altar of Ru.
  4633 | D:5      | Found a snail-covered altar of Cheibriados.
  4690 | D:5      | Noticed Menkaure
  4694 | D:5      | Killed Menkaure
  4772 | D:5      | Got a scorched crystal amulet
  4808 | D:5      | Noticed Edmund
  4819 | D:5      | Killed Edmund
  4863 | D:5      | Identified the amulet "Oghetos" {Harm *Drain Str+4 Int+3
                  | Slay+2} (You found it on level 5 of the Dungeon)
  4972 | D:6      | Reached XP level 8. HP: 73/73 MP: 10/10
  4975 | D:6      | Reached skill level 1 in Armour
  5006 | D:6      | Found Wolicurch's General Store.
  5122 | D:6      | Noticed Prince Ribbit
  5127 | D:6      | Killed Prince Ribbit
  5127 | D:6      | Reached skill level 5 in Invocations
  5849 | D:7      | Found a glowing silver altar of Zin.
  5850 | D:7      | Noticed an angel
  5853 | D:7      | Found a shimmering altar of Xom.
  5890 | D:7      | Found Reeriuh's Magic Scroll Boutique.
  5954 | D:7      | Reached XP level 9. HP: 81/81 MP: 12/12
  6166 | D:7      | Reached *** piety under Qazlal
  6366 | D:7      | Found a sparkling altar of Nemelex Xobeh.
  6516 | D:8      | Found a runed translucent door.
  6636 | D:8      | Found a radiant altar of Vehumet.
  6768 | D:8      | Reached skill level 1 in Evocations
  7047 | D:8      | Found a glowing golden altar of the Shining One.
  7343 | D:9      | Noticed a two-headed ogre
  7343 | D:9      | Noticed a troll
  7346 | D:9      | Killed a troll
  7346 | D:9      | Reached skill level 5 in Armour
  7351 | D:9      | Killed a two-headed ogre
  7351 | D:9      | Reached XP level 10. HP: 88/90 MP: 14/14
  7404 | D:9      | Reached **** piety under Qazlal
  7750 | D:9      | Noticed Erolcha
  7759 | D:9      | Killed Erolcha
  7929 | D:7      | Bought a scroll of remove curse for 39 gold pieces
  8401 | D:9      | Found a staircase to the Lair.
  8616 | D:10     | Entered Level 10 of the Dungeon
  8627 | D:10     | Noticed Sonja
  8630 | D:10     | Cast into level 1 of the Abyss (Sonja)
  8640 | Abyss:1  | Noticed a worldbinder
  8648 | Abyss:1  | Killed a worldbinder
  8730 | D:10     | Escaped the Abyss
  8741 | D:10     | Slain by a chaos spawn

Skill      XL: |  1  2  3  4  5  6  7  8  9 10 |
---------------+-------------------------------+-----
Long Blades    | 4 5 6 7 8 9 |  9.4
Fighting       | 4 5 6 7 8 9 |  9.4
Dodging        | 4 5 6 7 8 |  8.1
Invocations    | 1 4 5 7 8 |  8.6
Armour         | 3 5 6 |  6.3
Evocations     | 2 4 |  4.6
Stealth        | |  1.5

Action                   |  1- 3 |  4- 6 |  7- 9 | 10-12 || total
-------------------------+-------+-------+-------+-------++-------
Melee: Falchion          |    79 |    32 |       |       ||   111
       Headbutt          |    10 |    22 |    41 |    16 ||    89
       Scimitar          |       |    59 |    63 |       ||   122
       Great sword       |       |       |    80 |    57 ||   137
Throw: Javelin           |       |     1 |     1 |       ||     2
Invok: Upheaval          |       |       |     1 |       ||     1
Evoke: Wand              |       |       |     5 |     6 ||    11
  Use: Scroll            |     4 |     5 |     6 |     1 ||    16
       Potion            |     4 |       |       |     1 ||     5
 Stab: Sleeping          |     1 |       |       |       ||     1
  Eat: Chunk             |     2 |     2 |     1 |       ||     5
       Ration            |     1 |     1 |     3 |     1 ||     6
Armor: Robe              |     7 |       |       |       ||     7
       Leather armour    |     7 |    16 |     7 |       ||    30
       Plate armour      |       |       |    50 |    42 ||    92
Dodge: Dodged            |    67 |    61 |    72 |    58 ||   258
       Deflected         |       |       |       |     1 ||     1
Block: Other             |       |     4 |    17 |    22 ||    43
       Rpst.: Falchion   |    17 |     6 |       |       ||    23
       Scimitar          |       |    11 |     7 |       ||    18
       Great sword       |       |       |     8 |    12 ||    20
